 Dungeon Crawl Stone Soup version 0.27-a0-416-gca2cecf3c0 (webtiles) character file.

Game seed: 17368986529794661678

2 dickylongcocking the Grave Robber (level 1, -2/13 HPs)
             Began as a Demonspawn Necromancer on Feb 24, 2021.
             Slain by a hobgoblin
             ... wielding a +0 club
              (6 damage)
             ... on level 1 of the Dungeon.
             The game lasted 00:00:15 (308 turns).

dickylongcocking the Grave Robber (DsNe)             Turns: 308, Time: 00:00:16

Health: -2/13      AC:  2    Str:  8    XL:     1   Next: 33%
Magic:  3/3        EV: 12    Int: 16    God:
Gold:   10         SH:  0    Dex: 13    Spells: 3/4 levels left

rFire    . . .     SeeInvis .   e - +0 short sword
rCold    . . .     Faith    .   (no shield)
rNeg     . . .     Spirit   .   a - +0 robe
rPois    .         Reflect  .   (no helmet)
rElec    .         Harm     .   (no cloak)
rCorr    .         Rampage  .   (no gloves)
Will     .....                  (no boots)
Stlth    ++........             (no amulet)
HPRegen  0.04/turn              (no ring)
MPRegen  0.08/turn              (no ring)

@: no status effects
A: no striking features
a: no special abilities


You were on level 1 of the Dungeon.
You visited 1 branch of the dungeon, and saw 1 of its levels.

You collected 10 gold pieces.

Inventory:

Hand Weapons
 d - a +0 spear
 e - a +0 short sword (weapon)
Armour
 a - a +0 robe (worn)
Scrolls
 b - a scroll of fog {unknown}
 c - a scroll of enchant weapon {unknown}


   Skills:
 - Level 1.7 Dodging
 - Level 1.7 Stealth
 * Level 2.1 Spellcasting
 * Level 4.4 Necromancy


You had 3 spell levels left.
You knew the following spells:

 Your Spells              Type           Power        Failure   Level
a - Pain                  Necr           64%          3%          1

Your spell library contained the following spells:

 Spells                   Type           Power        Failure   Level
 Animate Skeleton         Necr           32%          3%          1
 Vampiric Draining        Necr           8%           10%         3
 Animate Dead             Necr           8%           32%         4
 Agony                    Necr           16%          65%         5


Dungeon Overview and Level Annotations

Branches:
Dungeon (1/15)

Altars:


Message History

You hit the hobgoblin but do no damage. The hobgoblin misses you.
You hit the hobgoblin.
The hobgoblin is heavily wounded.
The hobgoblin completely misses you.
You hit the hobgoblin but do no damage.
The hobgoblin is heavily wounded.
The hobgoblin misses you.
You closely miss the hobgoblin.
The hobgoblin is heavily wounded.
The hobgoblin barely misses you.
You closely miss the hobgoblin.
The hobgoblin is moderately wounded.
The hobgoblin barely misses you.
You hit the hobgoblin.
The hobgoblin is severely wounded.
The hobgoblin hits you but does no damage.
You barely miss the hobgoblin.
The hobgoblin is severely wounded.
The hobgoblin hits you with a +0 club.
You closely miss the hobgoblin.
The hobgoblin is severely wounded.
The hobgoblin hits you with a +0 club.
You hit the hobgoblin but do no damage.
The hobgoblin is severely wounded.
The hobgoblin barely misses you.
You are too injured to fight recklessly!
You hit the hobgoblin but do no damage.
The hobgoblin is severely wounded.
The hobgoblin barely misses you.
You are too injured to fight recklessly!
You hit the hobgoblin but do no damage.
The hobgoblin is heavily wounded.
The hobgoblin barely misses you.
You closely miss the hobgoblin.
The hobgoblin is heavily wounded.
The hobgoblin hits you with a +0 club.
You barely miss the hobgoblin.
The hobgoblin is heavily wounded.
The hobgoblin hits you with a +0 club.
You die...

# # # ##### # #.... #..
#######....
#....#########..........
#.gg@..[....#.###....
#.############.# #....
..# ###.# #### #.# #.#
#.# ..# #.# #.#


You could see 2 hobgoblins.

Vanquished Creatures
  A bat (D:1)
  A kobold (D:1)
2 creatures vanquished.

Notes
Turn   | Place    | Note
-------+----------+-------------------------------------------
     0 | D:1      | dickylongcocking the Demonspawn Necromancer began the quest
                  | for the Orb.
     0 | D:1      | Reached XP level 1. HP: 13/13 MP: 3/3
   308 | D:1      | Slain by a hobgoblin

Illustrated notes

Levels and vault maps discovered:
D:1:      dpeg_arrival_shelter, layout_loops_ring

Action                   || total
-------------------------++-------
Melee: Short sword       ||    32
       Spear             ||    13
Armor: Robe              ||    11
Dodge: Dodged            ||    36

Table legend: (Time is in decaauts)
 A = Elapsed time spent in this place.
 B = Non-inter-level travel time spent in this place.
 C = Inter-level travel time spent in this place.
 D = Time resting spent in this place.
 E = Time spent auto-exploring this place.
 F = Levels seen in this place.
 G = Mean time per level.
                   A        B        C        D        E       F      G
               +--------+--------+--------+--------+--------+-----+--------+
         Total |    311 |    311 |      0 |      0 |    234 |   1 |  311.0 |
       Dungeon |    311 |    311 |      0 |      0 |    234 |   1 |  311.0 |
               +--------+--------+--------+--------+--------+-----+--------+

Top non-repeatable levels by time:
     D:1: 311 daAuts
